PUB
REDWOOD PIONEERS @ BRONX BOMBERS
05/21/1972
 
TOP OF THE 1ST
Redwood Pioneers batting - Pitching for Bronx Bombers : LHP José Burgos
Pitching: LHP José Burgos
Batting: RHB Alfredo Nannini 0-0: Ball
1-0: Called Strike
1-1: Ball
2-1: Called Strike
2-2: Ball
3-2: Strikes out swinging
Batting: RHB Yaichiro Ito 0-0: Ball
1-0: Foul Ball, location: 7LSF
1-1: Called Strike
1-2: Strikes out swinging
Batting: LHB Jerry Gregory 0-0: Swinging Strike
0-1: Ball
1-1: Ball
2-1: SOLO HOME RUN (Flyball, 9D, EV 98.8 MPH), Distance : 365 ft
Batting: RHB José Moya 0-0: Called Strike
0-1: Ball
1-1: Ball
2-1: Called Strike
2-2: Strikes out swinging
Top of the 1st over - 1 run, 1 hit, 0 errors, 0 left on base; Redwood 1 - Bronx 0
BOTTOM OF THE 1ST
Bronx Bombers batting - Pitching for Redwood Pioneers : RHP Tim McQueen
Pitching: RHP Tim McQueen
Batting: LHB Manuel López 0-0: Called Strike
0-1: Foul Ball, location: 9LDF
0-2: Foul Ball, location: 7LDF
0-2: Strikes out swinging
Batting: RHB Juan Beniquez 0-0: Ball
1-0: Called Strike
1-1: Swinging Strike
1-2: Strikes out swinging
Batting: LHB Brian Shelton 0-0: Called Strike
0-1: Ball
1-1: Foul Ball, location: 2F
1-2: Foul Ball, location: 9LSF
1-2: Foul Ball, location: 2F
1-2: SINGLE (Groundball, 56D, EV 96.3 MPH)
Batting: RHB Jeffery Reynolds 0-0: Ball
1-0: Ball
2-0: Called Strike
2-1: Fly out, F7 (Line Drive, 7, EV 90.6 MPH)
Bottom of the 1st over - 0 runs, 1 hit, 0 errors, 1 left on base; Redwood 1 - Bronx 0
TOP OF THE 2ND
Redwood Pioneers batting - Pitching for Bronx Bombers : LHP José Burgos
Batting: RHB Elliott Maddox 0-0: Fly out, F4 (Popup, 23, EV 90.0 MPH)
Batting: LHB Tomás Bernal 0-0: Ball
1-0: Called Strike
1-1: Swinging Strike
1-2: Single, Error in OF, E8, batter to second base (Line Drive, 8RS, EV 104.4 MPH)
Batting: RHB Haywood Andrews 0-0: Called Strike
Tomás Bernal steals 3rd base
0-1: Fly out, F9 (Flyball, 9LS, EV 87.5 MPH)
Batting: SHB Cliff King 0-0: Ball
1-0: Called Strike
1-1: Ground out 5-3 (Groundball, 56, EV 91.3 MPH)
Top of the 2nd over - 0 runs, 1 hit, 1 error, 1 left on base; Redwood 1 - Bronx 0
BOTTOM OF THE 2ND
Bronx Bombers batting - Pitching for Redwood Pioneers : RHP Tim McQueen
Batting: RHB Roger Allen 0-0: Ball
1-0: Ball
2-0: Called Strike
2-1: Ball
3-1: SINGLE (Line Drive, 8LS, EV 94.4 MPH)
Batting: LHB Ted Tappe 0-0: Called Strike
Roger Allen is caught stealing 2nd base 2-6
0-1: Ball
1-1: Foul Ball, location: 2F
1-2: Ball
2-2: Ball
3-2: Ground out 5-3 (Groundball, 56, EV 86.3 MPH)
Batting: RHB Harrison Fluellen 0-0: Ball
1-0: Ball
2-0: Called Strike
2-1: SINGLE (Line Drive, 56, EV 96.3 MPH)
Batting: SHB Shane Webb 0-0: Ball
Harrison Fluellen is caught stealing 2nd base 2-6
Bottom of the 2nd over - 0 runs, 2 hits, 0 errors, 0 left on base; Redwood 1 - Bronx 0
TOP OF THE 3RD
Redwood Pioneers batting - Pitching for Bronx Bombers : LHP José Burgos
Batting: RHB Tim McQueen 0-0: Called Strike
0-1: Ground out 6-3 (Groundball, 6, EV 110.0 MPH)
Batting: RHB Alfredo Nannini 0-0: DOUBLE (Line Drive, 89D, EV 106.3 MPH)
Batting: RHB Yaichiro Ito 0-0: Ball
1-0: Ball
2-0: Swinging Strike
2-1: Ball
3-1: Ground out 4-3 (Groundball, 4, EV 91.9 MPH)
Alfredo Nannini to third
Batting: LHB Jerry Gregory 0-0: Ball
1-0: Foul Ball, location: 9LMF
1-1: Ball
2-1: Fly out, F7 (Flyball, 7D, EV 81.3 MPH)
Top of the 3rd over - 0 runs, 1 hit, 0 errors, 1 left on base; Redwood 1 - Bronx 0
BOTTOM OF THE 3RD
Bronx Bombers batting - Pitching for Redwood Pioneers : RHP Tim McQueen
Batting: SHB Shane Webb 0-0: Fly out, F6 (Popup, 6M, EV 68.1 MPH)
Batting: LHB José Burgos 0-0: Ball
1-0: Ball
2-0: Foul Ball, location: 25F
2-1: Foul Ball, location: 2F
2-2: Ball
3-2: Foul Ball, location: 7LMF
3-2: Foul Ball, location: 5FF
3-2: Foul Ball, location: 9LMF
3-2: Strikes out swinging
Batting: LHB Manuel López 0-0: Ball
1-0: Foul Ball, location: 7LMF
1-1: Swinging Strike
1-2: Ball
2-2: SINGLE (Groundball, 6MD, EV 99.4 MPH)
Batting: RHB Juan Beniquez 0-0: Called Strike
0-1: Ball
1-1: Called Strike
Manuel López is caught stealing 2nd base 2-4
Bottom of the 3rd over - 0 runs, 1 hit, 0 errors, 0 left on base; Redwood 1 - Bronx 0
TOP OF THE 4TH
Redwood Pioneers batting - Pitching for Bronx Bombers : LHP José Burgos
Batting: RHB José Moya 0-0: Ball
1-0: Ball
2-0: SINGLE (Line Drive, 7LS, EV 101.3 MPH)
Batting: RHB Elliott Maddox 0-0: Foul Ball, location: 3DF
0-1: Swinging Strike
0-2: Fly out, F8 (Line Drive, 8RM, EV 97.5 MPH)
Batting: LHB Tomás Bernal 0-0: Ball
1-0: Swinging Strike
1-1: Swinging Strike
1-2: Strikes out swinging
Batting: RHB Haywood Andrews 0-0: Ball
1-0: Called Strike
1-1: Foul Ball, location: 7LDF
1-2: Ball
2-2: Ball
3-2: Foul Ball, location: 2F
3-2: Strikes out swinging
Top of the 4th over - 0 runs, 1 hit, 0 errors, 1 left on base; Redwood 1 - Bronx 0
BOTTOM OF THE 4TH
Bronx Bombers batting - Pitching for Redwood Pioneers : RHP Tim McQueen
Batting: RHB Juan Beniquez 0-0: Called Strike
0-1: Ball
1-1: Ball
2-1: Fly out, F7 (Flyball, 7, EV 94.4 MPH)
Batting: LHB Brian Shelton 0-0: Ball
1-0: Foul Ball, location: 3F
1-1: Ball
2-1: Ball
3-1: Fly out, F7 (Flyball, 7D, EV 91.9 MPH)
Batting: RHB Jeffery Reynolds 0-0: Fly out, F7 (Flyball, 78S, EV 82.5 MPH)
Bottom of the 4th over - 0 runs, 0 hits, 0 errors, 0 left on base; Redwood 1 - Bronx 0
TOP OF THE 5TH
Redwood Pioneers batting - Pitching for Bronx Bombers : LHP José Burgos
Batting: SHB Cliff King 0-0: Foul Ball, location: 3F
0-1: Foul Ball, location: 2F
0-2: Ball
1-2: Fly out, F2 (Popup, 2RF, EV 94.4 MPH)
Batting: RHB Tim McQueen 0-0: Ball
1-0: Foul Ball, location: 2F
1-1: Ground out 5-3 (Groundball, 56, EV 85.6 MPH)
Batting: RHB Alfredo Nannini 0-0: Called Strike
0-1: Called Strike
0-2: Foul Ball, location: 9LMF
0-2: Ground out 4-3 (Groundball, 4, EV 101.3 MPH)
Top of the 5th over - 0 runs, 0 hits, 0 errors, 0 left on base; Redwood 1 - Bronx 0
BOTTOM OF THE 5TH
Bronx Bombers batting - Pitching for Redwood Pioneers : RHP Tim McQueen
Batting: RHB Roger Allen 0-0: Foul Ball, location: 23F
0-1: Ball
1-1: Swinging Strike
1-2: Fly out, F8 (Line Drive, 78M, EV 103.8 MPH)
Batting: LHB Ted Tappe 0-0: Ball
1-0: Foul Ball, location: 9LDF
1-1: Ball
2-1: Ball
3-1: Base on Balls
Batting: RHB Harrison Fluellen 0-0: Ball
1-0: Ball
2-0: Called Strike
2-1: Foul Ball, location: 7LMF
2-2: Ball
3-2: Strikes out swinging
Batting: SHB Shane Webb 0-0: Ball
1-0: Called Strike
1-1: Swinging Strike
1-2: Ball
2-2: Foul Ball, location: 25F
2-2: Ball
3-2: Base on Balls
Ted Tappe to second
Batting: LHB José Burgos 0-0: Foul Ball, location: 25F
0-1: Foul Ball, location: 2F
0-2: Fly out, F3 (Line Drive, 3L, EV 65.0 MPH)
Bottom of the 5th over - 0 runs, 0 hits, 0 errors, 2 left on base; Redwood 1 - Bronx 0
TOP OF THE 6TH
Redwood Pioneers batting - Pitching for Bronx Bombers : LHP José Burgos
Batting: RHB Yaichiro Ito 0-0: Ball
1-0: Called Strike
1-1: Ball
2-1: Swinging Strike
2-2: Ball
3-2: Base on Balls
Batting: LHB Jerry Gregory 0-0: Ball
1-0: Ball
2-0: SINGLE (Line Drive, 3D, EV 95.6 MPH)
Yaichiro Ito to second
Throwing error, E9
Yaichiro Ito scores
Jerry Gregory to second
Batting: RHB José Moya 0-0: Intentional Walk
Batting: RHB Elliott Maddox 0-0: Called Strike
0-1: Swinging Strike
0-2: Ball
1-2: Foul Ball, location: 2F
1-2: Grounds into double play, 4-6-3 (Groundball, 4, EV 110.6 MPH)
Jerry Gregory to third
Batting: LHB Tomás Bernal 0-0: Called Strike
0-1: Ball
1-1: Foul Ball, location: 2F
1-2: Foul Ball, location: 3F
1-2: Fly out, F8 (Flyball, 8LS, EV 81.3 MPH)
Top of the 6th over - 1 run, 1 hit, 1 error, 1 left on base; Redwood 2 - Bronx 0
BOTTOM OF THE 6TH
Bronx Bombers batting - Pitching for Redwood Pioneers : RHP Tim McQueen
Batting: LHB Manuel López 0-0: Called Strike
0-1: Fly out, F4 (Line Drive, 4, EV 71.9 MPH)
Batting: RHB Juan Beniquez 0-0: Called Strike
0-1: SINGLE (Line Drive, 34D, EV 98.8 MPH)
Batting: LHB Brian Shelton 0-0: Foul Ball, location: 5F
0-1: Ball
1-1: Called Strike
1-2: DOUBLE (Line Drive, 78XD, EV 110.0 MPH)
Juan Beniquez to third
Runner from 3rd tries for Home, SAFE, no throw by CF
Batting: RHB Jeffery Reynolds 0-0: Called Strike
0-1: Called Strike
0-2: Ball
1-2: Strikes out looking
Pitching: RHP Kanko Fukuda
Now in LF: Howard York
Batting: RHB Roger Allen 0-0: Called Strike
0-1: Ball
1-1: Ball
2-1: Ball
3-1: Called Strike
3-2: Foul Ball, location: 7LSF
3-2: Foul Ball, location: 3F
3-2: Base on Balls
Batting: LHB Ted Tappe 0-0: Ball
1-0: Ball
2-0: Ball
3-0: Base on Balls
Brian Shelton to third
Roger Allen to second
Batting: RHB Harrison Fluellen 0-0: Swinging Strike
0-1: Ball
1-1: Called Strike
1-2: Strikes out looking
Bottom of the 6th over - 1 run, 2 hits, 0 errors, 3 left on base; Redwood 2 - Bronx 1
TOP OF THE 7TH
Redwood Pioneers batting - Pitching for Bronx Bombers : LHP José Burgos
Batting: RHB Haywood Andrews 0-0: Foul Ball, location: 2F
0-1: Foul Ball, location: 2F
0-2: Ball
1-2: Ball
2-2: Foul Ball, location: 2F
2-2: Foul Ball, location: 2F
2-2: DOUBLE (Flyball, 8RXD, EV 101.3 MPH)
Batting: SHB Cliff King 0-0: Swinging Strike
0-1: Ball
1-1: Foul Ball, location: 2F
1-2: Foul Ball, location: 7LDF
1-2: Foul Ball, location: 3F
1-2: Strikes out swinging
Batting: LHB Howard York 0-0: Called Strike
0-1: Ball
1-1: Called Strike
1-2: Strikes out looking
Batting: RHB Alfredo Nannini 0-0: Called Strike
0-1: Ball
1-1: Swinging Strike
1-2: Strikes out swinging
Top of the 7th over - 0 runs, 1 hit, 0 errors, 1 left on base; Redwood 2 - Bronx 1
BOTTOM OF THE 7TH
Bronx Bombers batting - Pitching for Redwood Pioneers : RHP Kanko Fukuda
Batting: SHB Shane Webb 0-0: Called Strike
0-1: Called Strike
0-2: Fly out, F7 (Flyball, 7LS, EV 96.3 MPH)
Batting: LHB José Burgos 0-0: Ball
1-0: Fly out, F4 (Popup, 34, EV 57.5 MPH)
Batting: LHB Manuel López 0-0: Ball
1-0: SINGLE (Line Drive, 7LS, EV 106.3 MPH)
Pinch Hitting: LHB Chris Gunter 0-0: Swinging Strike
0-1: SINGLE (Line Drive, 8RS, EV 100.0 MPH)
Manuel López to second
Runner from 2nd tries for 3rd, SAFE, throw by CF made to third
Batting: LHB Brian Shelton 0-0: Ball
1-0: Ball
2-0: Called Strike
2-1: Ball
3-1: Swinging Strike
3-2: Strikes out looking
Bottom of the 7th over - 0 runs, 2 hits, 0 errors, 2 left on base; Redwood 2 - Bronx 1
TOP OF THE 8TH
Redwood Pioneers batting - Pitching for Bronx Bombers : LHP José Burgos
Now at 2B: Jason Brown
Now at SS: Manuel López
Batting: RHB Yaichiro Ito 0-0: Ball
1-0: Ball
2-0: Ball
3-0: Called Strike
3-1: Foul Ball, location: 2F
3-2: Base on Balls
Pitching: RHP Brent McCauley
Batting: LHB Jerry Gregory 0-0: Called Strike
0-1: Ball
1-1: Swinging Strike
1-2: Ball
2-2: Strikes out swinging
Batting: RHB José Moya 0-0: Called Strike
0-1: Called Strike
0-2: Strikes out swinging
Batting: RHB Elliott Maddox 0-0: Ball
Yaichiro Ito steals 2nd base
1-0: Called Strike
1-1: Ball
2-1: Called Strike
2-2: Strikes out swinging
Top of the 8th over - 0 runs, 0 hits, 0 errors, 1 left on base; Redwood 2 - Bronx 1
BOTTOM OF THE 8TH
Bronx Bombers batting - Pitching for Redwood Pioneers : RHP Kanko Fukuda
Batting: RHB Jeffery Reynolds 0-0: Called Strike
0-1: Ball
1-1: Swinging Strike
1-2: Strikes out looking
Batting: RHB Roger Allen 0-0: Ball
1-0: Called Strike
1-1: Swinging Strike
1-2: Strikes out swinging
Batting: LHB Ted Tappe 0-0: Ball
1-0: Called Strike
1-1: Foul Ball, location: 7LDF
1-2: Ball
2-2: Foul Ball, location: 7LDF
2-2: Ball
3-2: Ground out 4-3 (Groundball, 4S, EV 75.0 MPH)
Bottom of the 8th over - 0 runs, 0 hits, 0 errors, 0 left on base; Redwood 2 - Bronx 1
TOP OF THE 9TH
Redwood Pioneers batting - Pitching for Bronx Bombers : RHP Brent McCauley
Pinch Hitting: LHB Bobby Murcer 0-0: Fly out, F8 (Flyball, 8RD, EV 106.3 MPH)
Pinch Hitting: LHB Danny Meehan 0-0: Swinging Strike
0-1: Ball
1-1: Foul Ball, location: 25F
1-2: Ball
2-2: Fly out, F9 (Flyball, 9LS, EV 91.3 MPH)
Batting: SHB Cliff King 0-0: Swinging Strike
0-1: Ball
1-1: Ball
2-1: Foul Ball, location: 2F
2-2: Foul Ball, location: 2F
2-2: Foul Ball, location: 2F
2-2: Foul Ball, location: 7LDF
2-2: Ball
3-2: Fly out, F8 (Flyball, 89M, EV 90.6 MPH)
Top of the 9th over - 0 runs, 0 hits, 0 errors, 0 left on base; Redwood 2 - Bronx 1
BOTTOM OF THE 9TH
Bronx Bombers batting - Pitching for Redwood Pioneers : RHP Kanko Fukuda
Pitching: RHP Chandler Davis
Now at 3B: Yaichiro Ito
Now at SS: Bobby Murcer
Batting: RHB Harrison Fluellen 0-0: Ball
1-0: Called Strike
1-1: Foul Ball, location: 23F
1-2: Strikes out swinging
Pinch Hitting: RHB Jim Wynn 0-0: Ball
1-0: Ball
2-0: Fly out, F9 (Flyball, 9, EV 87.5 MPH)
Pinch Hitting: RHB Domingo Mora 0-0: Ground out 6-3 (Groundball, 56, EV 108.1 MPH)
Bottom of the 9th over - 0 runs, 0 hits, 0 errors, 0 left on base; Redwood 2 - Bronx 1
Tuesday, March 19th , 2024 - OOTP Baseball 24.8 Build 75